 Dungeon Crawl Stone Soup version 0.30.0 (webtiles) character file.

Game seed: 6821022304115258269

131 Minorbread the Cudgeller (level 5, -2/33 HPs)
             Began as a Gargoyle Fighter on May 12, 2023.
             Slain by a gnoll
             ... wielding a +0 club
              (5 damage)
             ... on level 3 of the Dungeon.
             The game lasted 00:03:20 (1898 turns).

Minorbread the Cudgeller (Gargoyle Fighter)         Turns: 1898, Time: 00:03:21

Health: -2/33      AC: 12    Str: 21    XL:     5   Next: 14%
Magic:  5/5        EV:  9    Int:  9    God:
Gold:   140        SH:  4    Dex:  9    Spells: 4/4 levels left

rFire   + . .        a - +0 flail
rCold   + . .        c - +0 buckler
rNeg    + . .        b - +0 scale mail
rPois   ∞            s - +0 helmet
rElec   +            (no cloak)
rCorr   .            (no gloves)
SInv    .            (no boots)
Will    .....        (no amulet) Stlth
                     q - ring of protection from cold
HPRegen 0.25/turn    t - ring of protection from fire
MPRegen 0.09/turn

%: no passive effects
@: no status effects
A: sickness immunity, AC +4, negative energy resistance 1, electricity
resistance, torment resistance 1, petrification resistance
a: no special abilities


You were on level 3 of the Dungeon.
You visited 1 branch of the dungeon, and saw 3 of its levels.

You collected 140 gold pieces.

Inventory:

Hand Weapons
 a - a +0 flail (weapon)
Missiles
 l - a throwing net (quivered)
Armour
 b - a +0 scale mail (worn)
 c - a +0 buckler (worn)
 s - a +0 helmet (worn)
Jewellery
 q - a ring of protection from cold (left hand)
 t - a ring of protection from fire (right hand)
Scrolls
 f - 2 scrolls of identify
 i - a scroll of amnesia
 j - 3 scrolls of immolation {unknown}
 n - 2 scrolls of torment {unknown}
 p - a scroll of teleportation
 r - a scroll of poison {unknown}
 u - a scroll of noise {unknown}
Potions
 d - a potion of might
 e - a potion of ambrosia {unknown}
 g - 2 potions of flight {unknown}
 h - a potion of lignification {unknown}
 k - 2 potions of heal wounds {unknown}
 m - 2 potions of curing {unknown}
 o - 2 potions of mutation {unknown}
 v - a potion of brilliance {unknown}
 w - a potion of attraction {unknown}


   Skills:
 - Level 3.7 Fighting
 * Level 4.9 Maces & Flails
 - Level 3.3 Armour
 - Level 3.3 Shields


You had 4 spell levels left.
You didn't know any spells.
Your spell library contained the following spells:

 Spells                   Type           Power      Damage    Failure   Level
 Sandblast                Erth           0%         2d4       80%         1
 Passwall                 Tmut/Erth      0%         N/A       90%         2
 Stone Arrow              Conj/Erth      0%         3d7       99%         3


Dungeon Overview and Level Annotations

Branches:
Dungeon (3/15)

Altars:

Shops:
D:3 :


Innate Abilities, Weirdness & Mutations

You are immune to sickness and miasma.
Your stone body is resilient. (AC +4)
You are immune to poison.
You resist negative energy. (rN+)
You are resistant to electric shocks. (rElec)
You are resistant to unholy torment.
You are immune to petrification.


Message History

You sock the gnoll!
You kill the gnoll!
The gnoll hits you but does no damage.
You barely miss the gnoll. The gnoll hits you but does no damage.
The gnoll barely misses you.
You hit the gnoll.
The gnoll is heavily wounded.
The gnoll barely misses you. The gnoll hits you but does no damage.
The gnoll hits you with a +0 spear.
You hit the gnoll but do no damage.
The gnoll is heavily wounded.
The gnoll barely misses you. The gnoll closely misses you.
The gnoll hits you but does no damage.
You closely miss the gnoll.
The gnoll is heavily wounded.
The gnoll hits you but does no damage. You block the gnoll's attack.
The gnoll barely misses you.
You barely miss the gnoll.
The gnoll is heavily wounded.
The gnoll barely misses you. The gnoll hits you with a +0 spear.
The gnoll completely misses you.
The hobgoblin hits you with a +0 dagger.
The gnoll hits you but does no damage. The gnoll hits you with a +0 spear.
The hobgoblin hits you but does no damage.
The gnoll hits you with a +0 spear.
You are too injured to fight recklessly!
You are too injured to fight recklessly!
You hit the gnoll.
The gnoll is heavily wounded.
The gnoll barely misses you.
The hobgoblin hits you with a +0 dagger.
* * * LOW HITPOINT WARNING * * *
The gnoll hits you but does no damage. The gnoll hits you with a +0 club.
* * * LOW HITPOINT WARNING * * *
You hit the gnoll.
The gnoll is severely wounded.
The gnoll hits you with a +0 spear.
* * * LOW HITPOINT WARNING * * *
The gnoll hits you with a +0 club.
You die...

...............# ...
#..............########.
####+###................
####+###...)............
........................
.....)................#
......................#.
.................g......
####+###........@g......
####+###........gg......
........................
........................
........................
.<.........#.....###....
...........#...### ....
...........#...#.. ...
...........#...#..


You could see 3 gnolls and a hobgoblin.

Vanquished Creatures
  An iguana (D:2)
  A gnoll (D:3)
  4 adders
  A worm (D:2)
  An orc (D:3)
  7 ball pythons
  5 bats
  4 endoplasms
  2 giant cockroaches (D:1)
  7 goblins
  5 hobgoblins
  6 kobolds
  3 quokkas
  2 frilled lizards (D:2)
  4 rats
53 creatures vanquished.

Vanquished Creatures (others)
  A plant (D:2)
1 creature vanquished.

Grand Total: 54 creatures vanquished

Notes
Turn   | Place    | Note
-------+----------+-------------------------------------------
     0 | D:1      | Minorbread the Gargoyle Fighter began the quest for the
                  | Orb.
     0 | D:1      | Reached XP level 1. HP: 14/14 MP: 1/1
   169 | D:1      | Reached XP level 2. HP: 17/19 MP: 2/2
   570 | D:1      | Found a faded altar of an unknown god.
   911 | D:2      | You fall into a shaft and drop 1 floor!
   954 | D:2      | Reached XP level 3. HP: 22/24 MP: 3/3
   992 | D:2      | Reached skill level 3 in Maces & Flails
  1096 | D:2      | Reached XP level 4. HP: 25/29 MP: 4/4
  1137 | D:2      | Reached skill level 4 in Maces & Flails
  1784 | D:3      | Found Wanuuso's Book Emporium.
  1824 | D:3      | Reached XP level 5. HP: 29/33 MP: 5/5
  1898 | D:3      | Slain by a gnoll

Illustrated notes

Levels and vault maps discovered:
D:1:      ncdulo_wetmaze, layout_basic, nicolae_ecumenical_lake_church
D:2:      layout_loops_ring, serial_bayou_pond_b
D:3:      layout_basic, serial_shops, nicolae_book_shop_shelving,
          hangedman_decor_lopped

Skill      XL: |  1  2  3  4 |
---------------+-------------+-----
Maces & Flails | 3 4 |  4.9
Fighting       | |  3.7
Armour         | |  3.3
Shields        | |  3.3

Action                     |  1- 3 |  4- 6 || total
---------------------------+-------+-------++-------
  Melee: Flail             |    62 |   122 ||   184
    Use: Scroll            |       |     2 ||     2
 Armour: Scale mail        |    24 |    93 ||   117
  Dodge: Dodged            |    29 |    57 ||    86
  Block: Buckler           |    14 |    28 ||    42
